 Dungeon Crawl Stone Soup version 0.24-a0-132-ge4b1dce (console) character file.

Game seed: 6475211109062633125

56 Duffy the Chopper (level 3, -2/32 HPs)
             Began as a Naga Gladiator on Feb 27, 2019.
             Slain by a gnoll
             ... wielding a +0 halberd
              (8 damage)
             ... on level 2 of the Dungeon.
             The game lasted 00:01:32 (1302 turns).

Duffy the Chopper (Naga Gladiator)                  Turns: 1302, Time: 00:01:33

Health: -2/32      AC:  4    Str: 16    XL:     3   Next: 95%
Magic:  3/3        EV: 10    Int:  9    God:
Gold:   73         SH:  0    Dex: 12    Spells: 2/2 levels left

rFire    . . .     SeeInvis +   a - +0 war axe
rCold    . . .     Gourm    .   (no shield)
rNeg     . . .     Faith    +   b - +0 leather armour
rPois    +         Spirit   .   c - +0 helmet
rElec    .         Reflect  .   m - +0 cloak
rCorr    .         Harm     .   (no gloves)
MR       .....                  (no barding)
Stlth    +.........             h - amulet of faith
HPRegen  0.10/turn              (no ring)
MPRegen  0.08/turn              (no ring)

@: very slow
A: large, see invisible, deformed body, poison resistance, slowness 2, slow
metabolism 1, spit poison 1, AC +1
a: Spit Poison


You were on level 2 of the Dungeon.
You were not hungry.

You visited 1 branch of the dungeon, and saw 2 of its levels.

You collected 73 gold pieces.

Inventory:

Hand Weapons
 a - a +0 war axe (weapon)
Missiles
 d - 3 throwing nets (quivered)
Armour
 b - a +0 leather armour (worn)
 c - a +0 helmet (worn)
 m - a +0 cloak (worn)
Jewellery
 h - an amulet of faith (around neck)
Scrolls
 g - 2 scrolls of magic mapping {unknown}
 i - 2 scrolls of identify {unknown}
 l - a scroll of enchant armour {unknown}
 n - a scroll of teleportation {unknown}
Potions
 e - 3 potions of agility {unknown}
 j - a potion of haste {unknown}
 k - a potion of curing {unknown}
 o - a potion of ambrosia {unknown}
Comestibles
 f - 2 rations


   Skills:
 - Level 2.0 Fighting
 + Level 4.7 Axes
 - Level 1.7 Throwing
 - Level 2.4 Dodging


You had 2 spell levels left.
You didn't know any spells.
Your spell library was empty.

Dungeon Overview and Level Annotations

Branches:
Dungeon (2/15)

Altars:


Innate Abilities, Weirdness & Mutations

You cannot wear boots.
Your serpentine skin is tough. (AC +1)
You have supernaturally acute eyesight. (SInv)
Armour fits poorly on your strangely shaped body.
Your system is resistant to poisons. (rPois)
You cover ground very slowly.
You have a slow metabolism.
You can spit poison.


Message History

There is an open door, spattered with blood here.
Things that are here:
a +0 dagger x2
Found an escape hatch in the floor.
n - a scroll labeled ZOUSIKKUIW
o - a smoky amethyst potion
g - 2 scrolls labeled YPLEUPPYECZA (gained 1)
A gnoll comes into view. It is wielding a +0 halberd.
The gnoll shouts!
A gnoll is nearby!
A gnoll comes into view. It is wielding a +0 spear.
The gnoll hits you with a +0 halberd!
A hobgoblin comes into view. It is wielding a +0 club.
The hobgoblin shouts!
The gnoll shouts!
The gnoll hits you from afar with a +0 halberd!
A gnoll comes into view.
There is an escape hatch in the floor, spattered with blood here.
The gnoll shouts!
The gnoll hits you from afar with a +0 halberd!
You die...

.#..(.#......#
.##..##......#######
..####.............#
...................#
.#.................+
...................#
##...#.............+ ..
##...######........#####..
.....+...........@.....gg.
##...#...................#
#####...........g.......#
#...............g...#
#......###..........#
#......# #..........#
#......# #.......?..#
#......# ############
#......#


You could see 3 gnolls and a hobgoblin.

Vanquished Creatures
  A worm (D:1)
  2 dart slugs
  2 leopard geckos
  7 giant cockroaches
  3 goblins
  4 hobgoblins (D:1)
  4 jackals (D:1)
  A quokka (D:2)
  5 bats
  4 frilled lizards
  6 kobolds
  5 rats
44 creatures vanquished.

Notes
Turn   | Place    | Note
-------+----------+-------------------------------------------
     0 | D:1      | Duffy the Naga Gladiator began the quest for the Orb.
     0 | D:1      | Reached XP level 1. HP: 19/19 MP: 1/1
    74 | D:1      | Reached XP level 2. HP: 6/26 MP: 2/2
   481 | D:1      | Reached skill level 4 in Axes
   506 | D:1      | Reached XP level 3. HP: 31/32 MP: 3/3
  1302 | D:2      | Slain by a gnoll

Levels and vault maps discovered:
D:1:      minmay_arrival_wavy_path, layout_basic
D:2:      layout_basic, chequers_ecumenical_altar_simple_redux,
          minmay_joined_circles

Skill      XL: |  1  2 |
---------------+-------+-----
Axes           | 4 |  4.7
Fighting       | |  2.0
Throwing       | |  1.7
Dodging        | |  2.4

Action                   || total
-------------------------++-------
Melee: War axe           ||    96
 Abil: Spit Poison       ||     7
  Eat: Chunk             ||     1
Armor: Leather armour    ||    54
Dodge: Dodged            ||    89

Table legend:
 A = Non-vault XP
 B = Vault XP
 C = Vault XP percentage of total XP
 D = Non-vault monster count
 E = Vault monster count
 F = Vault count percentage of total count
                 A         B        C        D         E       F
            +---------+---------+-------+---------+---------+-------
      Total |      63 |      17 |  21.2 |      34 |      10 |  22.7
            +---------+---------+-------+---------+---------+-------
        D:1 |      55 |       0 |   0.0 |      30 |       0 |   0.0
        D:2 |       8 |      17 |  68.0 |       4 |      10 |  71.4
            +---------+---------+-------+---------+---------+-------
